 Dungeon Crawl Stone Soup version 0.18.1-8-gdd0e5ea (webtiles) character file.

64 georgeearnest the Ducker (level 3, 0/27 HPs)
             Began as a Demonspawn Gladiator on May 24, 2016.
             Was a Follower of Ru.
             Succumbed to an adder's poison
             ... on level 3 of the Dungeon.
             The game lasted 00:04:46 (2372 turns).

georgeearnest the Ducker (Demonspawn Gladiator)     Turns: 2372, Time: 00:04:47

Health: 0/27       AC:  5    Str: 16    XL:     3   Next: 91%
Magic:  3/3        EV: 18    Int:  9    God:    Ru [*.....]
Gold:   108        SH:  0    Dex: 18    Spells: 0 memorised, 2 levels left

rFire  x . .     SeeInvis .     a - +0 war axe
rCold  + . .     Gourm    .     b - +0 leather armour
rNeg   . . .     Faith    .     (no shield)
rPois  .         Spirit   .     c - +0 helmet
rElec  .         Dismiss  .     (no cloak)
rCorr  .         Reflect  .     r - +0 pair of gloves
SustAt .         Harm     .     (no boots)
MR     .....                    j - amulet of magic regeneration
Stlth  ++........               p - ring of ice
                                g - ring of wizardry

@: agile, lethally poisoned (0 -> -1), flying, not resistant to hostile
enchantments, unstealthy
A: hooves 1, inability to read while threatened
a: Renounce Religion


You were on level 3 of the Dungeon.
You worshipped Ru.
Ru was aware of your devotion.
You were not hungry.

You visited 1 branch of the dungeon, and saw 3 of its levels.

You collected 108 gold pieces.

Inventory:

Hand Weapons
 a - a +0 war axe (weapon)
 i - a cursed -2 rapier
Missiles
 d - 3 throwing nets (quivered)
Armour
 b - a +0 leather armour (worn)
 c - a +0 helmet (worn)
 r - a +0 pair of gloves (worn)
Jewellery
 g - a ring of wizardry (left hand)
 j - an amulet of magic regeneration (around neck)
 p - a ring of ice (right hand)
Scrolls
 e - 2 scrolls of fog
 n - a scroll of blinking
Comestibles
 f - a bread ration
 h - a meat ration
 l - 2 beef jerkies
 q - 2 royal jellies


   Skills:
 + Level 2.1 Fighting
 + Level 3.3 Axes
 + Level 1.8 Throwing
 + Level 1.2 Armour
 + Level 3.4 Dodging
 + Level 0.2 Stealth


You had 2 spell levels left.
You didn't know any spells.

Dungeon Overview and Level Annotations

Branches:
Dungeon (3/15)

Altars:
Ashenzari
Elyvilon
Ru
Vehumet
Yredelemnul


Innate Abilities, Weirdness & Mutations

You have large cloven feet.
You cannot read scrolls while threatened.


Message History

Unknown command.
Read which item? (? for menu, Esc to quit)
As you read the scroll labeled YXUYVOE UNUOSK, it crumbles to dust.
You feel blessed for a moment.
It was a scroll of remove curse.
Unknown command.
* * * LOW HITPOINT WARNING * * *
You feel sick.
You see here an adder corpse.
You see here a glowing rapier.
i - a glowing rapier A hobgoblin comes into view.
* * * LOW HITPOINT WARNING * * *
You feel sick.
Found a shattered altar of Ashenzari.
* * * LOW HITPOINT WARNING * * *
You feel sick.
You see here an adder corpse.
* * * LOW HITPOINT WARNING * * *
You feel sick.
You die...

*,,,######.#########,,,,,,*
**,** #.# ***,****** *,*
#.##### *,,,,,,, *,* #.....#
******,* *,* #.###.# *,* *,*
#*#.# #.# *,* *,*
##.#.###.## *,* *,*
##....##...####### *,*
*,**#......@....§†...# *,*
*,,,..[....#...#####.# *,*
*,**###.#..##.## #.# *,* *,*
#,#.....#****#.#** *,, *,*
*,#..##...#*,._g,* ***
*,*****,#..,....#*,#.#,*****
*,,,,,,,##.##...#,,...,,,,,,
*,*******#.*##.##,*###******
*,* *,* *##*,*


There were no monsters in sight!

Vanquished Creatures
  An adder (D:3)
  3 dart slugs (D:1)
  A giant gecko (D:2)
  2 giant cockroaches
  6 goblins
  4 hobgoblins
  6 jackals
  5 kobolds
  8 bats
  3 giant newts
  4 rats
43 creatures vanquished.

Notes
Turn   | Place    | Note
--------------------------------------------------------------
     0 | D:1      | georgeearnest the Demonspawn Gladiator began the quest for the Orb.
     0 | D:1      | Reached XP level 1. HP: 16/16 MP: 1/1
   372 | D:1      | Gained mutation: You have large cloven feet. [demonic ancestry]
   372 | D:1      | Reached XP level 2. HP: 22/22 MP: 2/2
  1107 | D:1      | Reached XP level 3. HP: 19/27 MP: 3/3
  1423 | D:2      | Found a faded altar to an unknown god.
  1439 | D:2      | Reached skill level 1 in Armour
  1462 | D:2      | Became a worshipper of Ru the Awakened
  1473 | D:2      | Gained mutation: You cannot read scrolls while threatened. [Ru sacrifice]
  1473 | D:2      | Reached * piety under Ru
  1605 | D:2      | Found a basalt altar of Yredelemnul.
  1977 | D:2      | Found a white marble altar of Elyvilon.
  2218 | D:3      | Found a radiant altar of Vehumet.
  2360 | D:3      | Found a shattered altar of Ashenzari.
  2368 | D:3      | HP: 1/27 [poisoned by an adder]
  2372 | D:3      | Succumbed to an adder's poison

Skill      XL: |  1  2  3 |
---------------+----------+-----
Dodging        | 3 |  3.4
Axes           | 3 |  3.3
Armour         | 1 |  1.2
Fighting       | |  2.1
Throwing       | |  1.8
Stealth        | |  0.2

Action                   || total
-------------------------++-------
Melee: War axe           ||   152
       Kick              ||    36
Invok: Sacrifice Words   ||     1
  Use: Scroll            ||     4
       Potion            ||     2
  Eat: Bread ration      ||     1
Armor: Leather armour    ||    75
Dodge: Dodged            ||   198
